 Dungeon Crawl Stone Soup version 0.30-a0-23-ge60ba3568b (webtiles) character file.

Game seed: 13408862995046131838

2 greasedhog the Sneak (level 1, 0/10 HPs)
             Began as a Gargoyle Enchanter on Aug 24, 2022.
             Slain by a kobold
             ... wielding a +0 whip
              (5 damage)
             ... on level 1 of the Dungeon.
             The game lasted 00:00:30 (122 turns).

greasedhog the Sneak (Gargoyle Enchanter)            Turns: 122, Time: 00:00:30

Health: 0/10       AC:  4    Str: 11    XL:     1   Next: 30%
Magic:  3/3        EV: 11    Int: 15    God:
Gold:   24         SH:  0    Dex: 10    Spells: 4/4 levels left

rFire   . . .      SeeInvis .    a - +1 dagger
rCold   . . .      Faith    .    (no shield)
rNeg    + . .      Spirit   .    b - +0 robe
rPois   ∞          Reflect  .    (no helmet)
rElec   +          Harm     .    (no cloak)
rCorr   .          Rampage  .    (no gloves)
Will    .....                    (no boots)
Stlth   ++........               (no amulet)
HPRegen 0.03/turn                (no ring)
MPRegen 0.08/turn                (no ring)

@: no status effects
A: sickness immunity, AC +2, negative energy resistance 1, electricity
resistance, torment resistance 1, petrification resistance
a: no special abilities


You were on level 1 of the Dungeon.
You visited 1 branch of the dungeon, and saw 1 of its levels.

You collected 24 gold pieces.

Inventory:

Hand Weapons
 a - a +1 dagger (weapon)
Armour
 b - a +0 robe (worn)
Scrolls
 d - a scroll of identify {unknown}
Potions
 c - 2 potions of invisibility


   Skills:
 * Level 1.0 Short Blades
 - Level 1.5 Dodging
 * Level 3.3 Stealth
 - Level 2.0 Spellcasting
 - Level 2.6 Hexes


You had 4 spell levels left.
You didn't know any spells.
Your spell library contained the following spells:

 Spells                   Type           Power      Damage    Failure   Level
 Ensorcelled Hibernation  Hex/Ice        10%        N/A       19%         2
 Confusing Touch          Hex            9%         N/A       22%         3
 Tukima's Dance           Hex            9%         N/A       22%         3
 Dazzling Flash           Conj/Hex       10%        N/A       36%         3


Dungeon Overview and Level Annotations

Branches:
Dungeon (1/15)

Altars:


Innate Abilities, Weirdness & Mutations

You are immune to sickness and miasma.
Your stone body is resilient. (AC +2)
You are immune to poison.
You resist negative energy. (rN+)
You are resistant to electric shocks. (rElec)
You are resistant to unholy torment.
You are immune to petrification.


Message History

You hit the endoplasm.
The endoplasm is severely wounded.
The endoplasm hits you but does no damage.
You hit the endoplasm.
You kill the endoplasm!
Your Short Blades skill increases to level 1!
HP restored.
You now have 12 gold pieces.
You now have 24 gold pieces (gained 12).
A kobold and a bat come into view.
There are monsters nearby!
The bat hits you but does no damage. The bat misses you.
You hit the bat.
The bat is severely wounded.
The kobold shouts!
You hear an angry hiss. x2
The bat misses you.
You hit the bat.
You kill the bat!
The kobold hits you but does no damage.
You hit the kobold but do no damage. The kobold hits you with a +0 whip.
You barely miss the kobold. The kobold closely misses you.
You closely miss the kobold. The kobold hits you with a +0 whip.
You hit the kobold.
The kobold is moderately wounded.
The kobold hits you but does no damage.
You hit the kobold but do no damage.
The kobold is moderately wounded.
The kobold hits you but does no damage.
You barely miss the kobold.
The kobold is moderately wounded.
A ball python comes into view.
The kobold hits you with a +0 whip.
You are too injured to fight recklessly!
You are too injured to fight recklessly!
You closely miss the kobold.
The kobold is moderately wounded.
The kobold hits you with a +0 whip.
Ouch! That really hurt!
You die...

♣♣PP♣#....#.#.
♣P..♣..#### #.
#♣.♣.### #. #..#.#
## ##### #....# #.
.....######....# #.
...............# #.
###....###....# ##
#...@.##....#
#....$K...#....#
..........##.#...
..................
#..........#.......
..........##.......
.....S....# .
..........#


You could see a ball python (wandering) and a kobold.

Vanquished Creatures
  An endoplasm (D:1)
  A bat (D:1)
2 creatures vanquished.

Notes
Turn   | Place    | Note
-------+----------+-------------------------------------------
     0 | D:1      | greasedhog the Gargoyle Enchanter began the quest for the
                  | Orb.
     0 | D:1      | Reached XP level 1. HP: 10/10 MP: 3/3
    54 | D:1      | Reached skill level 1 in Short Blades
   122 | D:1      | Slain by a kobold

Illustrated notes

Levels and vault maps discovered:
D:1:      onia_arrival_mini_maze, layout_rooms, serial_forest,
          infiniplex_forest_end_2, infiniplex_forest_lined_1,
          infiniplex_forest_lined_3, infiniplex_forest_end_3,
          infiniplex_forest_end_1, infiniplex_forest_clump_large

Skill      XL: |  1 |
---------------+----+-----
Short Blades   | 1 |  1.0
Dodging        | |  1.5
Stealth        | |  3.3
Spellcasting   | |  2.0
Hexes          | |  2.6

Action                   || total
-------------------------++-------
Melee: Dagger            ||    12
Armor: Robe              ||     5
Dodge: Dodged            ||     3

Table legend: (Time is in decaauts)
 A = Elapsed time spent in this place.
 B = Non-inter-level travel time spent in this place.
 C = Inter-level travel time spent in this place.
 D = Time resting spent in this place.
 E = Time spent auto-exploring this place.
 F = Levels seen in this place.
 G = Mean time per level.
                   A        B        C        D        E       F      G
               +--------+--------+--------+--------+--------+-----+--------+
         Total |    121 |    121 |      0 |      0 |     98 |   1 |  121.0 |
       Dungeon |    121 |    121 |      0 |      0 |     98 |   1 |  121.0 |
               +--------+--------+--------+--------+--------+-----+--------+

Top non-repeatable levels by time:
     D:1: 121 daAuts
